SCRAPSCUM, neutral female scurrid Tourist --+--- |....| |$...+ |....| |....@# |...I| ------ SCRAPSCUM the Rambler Experience level: 1 Strength: 14 Dexterity: 15 Constitution: 14 Intelligence: 16 Wisdom: 7 Charisma: 12 Health: 14(17) Energy: 4(4) Def: 0 Gold: 259 Moves: 639 Dungeon seed: OmSCPZ8OQEEZ8eu8 Game ID: SCRAPSCUM_1498720496 Your Inventory: Coins $ - 259 gold pieces Weapons a - 38 uncursed +2 darts (in quiver) Armor e - an uncursed +0 Hawaiian shirt (being worn) Comestibles b - 2 uncursed food rations c - an uncursed lembas wafer d - an uncursed chestnut f - an uncursed cram ration g - 2 uncursed carrots h - an uncursed banana i - an uncursed tripe ration j - an uncursed pancake Scrolls l - an uncursed scroll of magic mapping q - an uncursed scroll of enchant weapon s - an uncursed scroll of create monster t - an uncursed scroll of scare monster Potions r - an uncursed potion of sleeping Wands o - an uncursed wand of secret door detection (0:13) Tools m - an uncursed expensive camera (0:58) n - an uncursed credit card p - an uncursed oil lamp (0:1405) w - an uncursed mirror Spells and supernatural/magical abilities: Name Level Category Fail Memory W - pray for help -- divine ? -- Your skills at the end: Miscellaneous Skills wands [Basic] Weapon Skills dart [Basic] Spellcasting Skills Final Attributes: You were devoutly aligned. You were telepathic. You had infravision. You were very stealthy. You are dead. Vanquished creatures: a gnome lord a floating eye 2 dwarves a hobbit a gecko 5 gnomes a goblin a sewer rat a grid bug a kobold zombie 15 creatures vanquished. Voluntary challenges: You did not adorn yourself with jewelry or accessories. You did not cause conflict. You were not invisible. You did not have reflection. You were not displaced. You never hit with a wielded weapon. You did not use containers. You did not apply a unicorn horn. You did not use plumbed fixtures. You read items or engraved 3 times, starting on turn 26. You never genocided any monsters. You never polymorphed an object. You never changed form. You used no wishes. You never split a pudding. You never wrote Elbereth's name. You violated your moral code, losing 1 point of alignment, starting on turn 554. Dungeon overview: The Dungeons of Doom: levels 1 to 17 Level 1 a long staircase Level 2 a fountain Level 3 a general store, a sink stairs to The Gnomish Mines Level 4 some fountains Level 5 an altar to The Lady, a throne Level 6 Level 7 Level 8 Level 9 Level 10 Level 11 Level 12 Level 13 Level 14 Level 15 Level 16 Level 17 <- You were here The Gnomish Mines: Level 4 stairs to The Dungeons of Doom History has recorded: On T:1 you entered the Dungeons of Doom to retrieve the Amulet of Yendor! On T:8 you reached level 2 of The Dungeons of Doom. On T:14 you reached level 3 of The Dungeons of Doom. On T:17 you reached level 4 of The Dungeons of Doom. On T:25 you reached level 5 of The Dungeons of Doom. On T:463 you reached level 1 of The Gnomish Mines. On T:468 you advanced to experience level 2. On T:485 you advanced to experience level 3. On T:560 you advanced to experience level 4. On T:590 you reached level 6 of The Dungeons of Doom. On T:592 you reached level 7 of The Dungeons of Doom. On T:595 you reached level 8 of The Dungeons of Doom. On T:597 you reached level 9 of The Dungeons of Doom. On T:599 you reached level 10 of The Dungeons of Doom. On T:604 you reached level 11 of The Dungeons of Doom. On T:607 you reached level 12 of The Dungeons of Doom. On T:609 you reached level 13 of The Dungeons of Doom. On T:615 you reached level 14 of The Dungeons of Doom. On T:624 you reached level 15 of The Dungeons of Doom. On T:624 you entered the Rogue tribute level. On T:629 you reached level 16 of The Dungeons of Doom. On T:634 you reached level 17 of The Dungeons of Doom. On T:635 you prayed to The Lady. Score breakdown: Gold: 0 ( 0 points) Experience: 1 level ( 0 points) Exploration: 17 levels ( 480 points) Discoveries: 5 items ( 250 points) Variety of kills: 10 monsters ( 500 points) Major goal: (nothing yet) ( 0 points) Survival: died (score multiplied by 3) Total score: 3690 Latest messages: You dig a pit in the floor. You continue digging downward. You dig a hole through the floor. You fall through... Something touches you! There's still a monster there. Something touches you! (2x) You see here a trident. You start digging downward. You continue digging downward. You dig a pit in the floor. Something touches you! You continue digging downward. You dig a hole through the floor. You fall through... You begin praying to The Lady. You are surrounded by a shimmering light. You feel something move nearby. (3x) You feel that The Lady is well-pleased. You feel much better. Something touches you! (2x) Final status: Aloha SCRAPSCUM the Tourist, drained of life by an invisible wraith... You died in The Dungeons of Doom on dungeon level 17 with 3690 points, and 259 pieces of gold, after 639 moves. You were level 1 with a maximum of 17 hit points when you died.